 Dungeon Crawl Stone Soup version 0.31-a0-846-gb3bcc0d938 (webtiles) character file.

Game seed: 16618888143150666509

5574 demibob the Basher (level 10, -6/88 HPs)
             Began as a Troll Chaos Knight on Oct 3, 2023.
             Was a Plaything of Xom.
             Mangled by a komodo dragon (22 damage)
             ... on level 1 of the Lair of Beasts.
             The game lasted 00:10:19 (6689 turns).

demibob the Basher (Troll Chaos Knight)             Turns: 6689, Time: 00:10:20

Health: -6/88      AC:  8    Str: 22    XL:     10   Next: 44%
Magic:  0/10       EV: 10    Int:  8    God:    Xom [*.....]
Gold:   302        SH:  0    Dex: 13    Spells: 9/9 levels left

rFire   . . .        a - +1 great mace (venom)
rCold   . . .        (shield currently unavailable)
rNeg    . . .        b - +2 robe
rPois   +            (helmet restricted)
rElec   .            w - +0 cloak
rCorr   .            (gloves unavailable)
SInv    +            (boots unavailable)
Will    ++...        q - amulet of guardian spirit
Stlth   +            P - ring of poison resistance
HPRegen 1.14/turn    W - ring of willpower
MPRegen 0.12/turn

%: guardian spirit
@: no status effects
A: large, unfitting armour, claws 3, regeneration 1, shaggy fur 1, tough skin 1,
iridescent scales 1, see invisible, deformed body, high MP 1, strong-willed 1,
mutation resistance 1
a: Renounce Religion


You were on level 1 of the Lair of Beasts.
You worshipped Xom.
You were a special plaything of Xom.
You visited 2 branches of the dungeon, and saw 10 of its levels.

You collected 302 gold pieces.


Innate Abilities, Weirdness & Mutations

You are too large for most types of armour.
You have claws for hands.
Your natural rate of healing is unusually fast.
You are covered in fur. (AC +1)
You have tough skin. (AC +1)
You are partially covered in iridescent scales. (AC +2)
You have supernaturally acute eyesight. (SInv)
Armour fits poorly on your strangely shaped body.
You have an increased reservoir of magic. (+10% MP)
You are strong-willed. (Will+)
You are somewhat resistant to further mutation.


   Skills:
 - Level 2.4 Fighting
 + Level 14.4 Maces & Flails
 - Level 1.9 Dodging


You had 9 spell levels left.
You didn't know any spells.
Your spell library contained the following spells:

 Spells                   Type           Power      Damage    Failure   Level
 Magic Dart               Conj           0%         1d3       41%         1
 Sting                    Tmut/Pois      0%         1d3       41%         1
 Blink                    Tloc           0%         N/A       54%         2
 Lesser Beckoning         Tloc           0%         N/A       54%         2
 Momentum Strike          Conj/Tloc      0%         3d8       54%         2
 Poisonous Vapours        Pois/Air       0%         N/A       54%         2
 Searing Ray              Conj           0%         2d4       54%         2
 Fulminant Prism          Conj/Hex       0%         3d5       99%         4
 Olgreb's Toxic Radiance  Pois           0%         N/A       99%         4

Inventory:

Hand Weapons
 a - a +1 great mace of venom (weapon)
 g - a +1 heavy dire flail
 k - a +0 mace of chaos
Missiles
 n - 6 large rocks {=f}
Armour
 b - a +2 robe (worn)
 w - a +0 cloak (worn)
Jewellery
 q - an amulet of guardian spirit (around neck)
 C - a ring of ice
 P - a ring of poison resistance (left claw)
 W - a ring of willpower (right claw)
Wands
 l - a wand of paralysis (8)
 x - a wand of polymorph (12)
Scrolls
 f - 3 scrolls of enchant weapon
 j - 2 scrolls of teleportation {@r2}
 o - 2 scrolls of torment
Potions
 d - a potion of mutation
 h - 3 potions of attraction
 i - a potion of lignification
 r - a potion of brilliance {unknown}
 s - a potion of might {unknown}
 u - a potion of cancellation

Dungeon Overview and Level Annotations

Branches:
Dungeon (9/15)             Temple (0/1) D:4            Lair (1/5) D:8
    Orc: D:9-12

Altars:
Elyvilon
Hepliaklqana
Makhleb
Nemelex Xobeh
Ru
Xom
Yredelemnul
Zin

Shops:
D:4 :

Annotations:
D:3 1 runed translucent door, Sirjeffry24's ghost, amateur DsFi
D:8 2 transporters, exclusion: 2 oklob plants, tinfoiltophat's ghost, novice DjFE

...§# ######..##
...§#### #.....b..####
..§§§§[####.†.........#
......~~....~~.b...#..+
.....~≈≈~..~~......####
#.#.~≈≈≈≈≈~~≈§.....#
....~≈≈§§~§≈≈~≈.#$##
.##~≈≈≈~~.≈≈~~~##..#
...≈≈≈~~..~≈≈~#.@.##
..#~≈≈$.~.~≈~~.l###
....~~~..≈~≈≈..##
.....~~~~~≈~~○+.
.......~P~~~..(.
....#.##...+.... ... ##
..###.... .. .## #. ..
. # .


You could see a komodo dragon (extremely poisoned).


Message History

The plant is engulfed in a cloud of scalding steam.
The plant begins to die.
A bullfrog comes into view.
Unknown command.
A bullfrog is nearby!
Your butterfly is engulfed in blazing flames.
You kill your butterfly!
Your butterfly disappears in a burst of colours!
You sock the bullfrog!
The bullfrog looks as sick as possible!
The bullfrog is severely wounded.
A nearby plant withers and dies.
The bullfrog barely misses you.
The bullfrog hits you but does no damage.
You sock the bullfrog!
You kill the bullfrog!
You start resting.
A komodo dragon comes into view.
The komodo dragon is engulfed in blazing flames.
You barely miss the komodo dragon.
The komodo dragon is lightly wounded.
The komodo dragon bites you.
* * * LOW HITPOINT WARNING * * *
You hit the komodo dragon.
The komodo dragon is poisoned.
The komodo dragon is moderately wounded.
The komodo dragon bites you!
* * * LOW HITPOINT WARNING * * *
You thump the komodo dragon!
The komodo dragon looks as sick as possible!
The komodo dragon is severely wounded.
The komodo dragon bites you!!
You die...

Skill      XL: |  1  2  3  4  5  6  7  8  9 10 |
---------------+-------------------------------+-----
Maces & Flails | 3 4 5 6 7 9 11 13 14 | 14.4
Fighting       | |  2.4
Dodging        | |  1.9

Action                     |  1- 3 |  4- 6 |  7- 9 | 10-12 || total
---------------------------+-------+-------+-------+-------++-------
  Melee: Mace              |   112 |   244 |   354 |       ||   710
         Punch             |       |     3 |     4 |       ||     7
         Great mace        |       |       |     7 |    44 ||    51
  Evoke: Wand              |       |       |    11 |       ||    11
    Use: Scroll            |     2 |     8 |     4 |     2 ||    16
         Potion            |       |     1 |     1 |     1 ||     3
   Stab: Paralysed         |       |     2 |     8 |       ||    10
         Sleeping          |       |     1 |     1 |       ||     2
         Confused          |       |       |    11 |       ||    11
 Armour: Robe              |    73 |   263 |   291 |    40 ||   667
  Dodge: Dodged            |    48 |   189 |   170 |    34 ||   441

Levels and vault maps discovered:
D:1:      wander_arrival_desolate, layout_basic, corexii_leaking_fountain,
          minivault_4
D:2:      layout_basic, basic_altar, uniq_robin
D:3:      layout_loops_ring, minitemple, ebering_ghost_reflecting_pool
D:4:      layout_rooms, minmay_temple_entry_wispy,
          nicolae_shop_i_like_big_books, uniq_ijyb
D:5:      layout_basic
D:6:      layout_loops_ring, uniq_crazy_yiuf_cottage
D:7:      layout_loops_corners, mainiacjoe_overflow_alcove_1
D:8:      layout_rooms, mainiacjoe_overflow_paths, zin_treasury,
          nicolae_ru_path_of_blood, grunt_lair_entry_orc_guard_hut,
          nzn_ghost_randoct, uniq_jeremiah
D:9:      layout_basic, mainiacjoe_overflow_brackets,
          gammafunk_ghost_wrathful_warriors
Lair:1:   layout_roguey, chequers_serial_rivers_large_a, pond

Notes
Turn   | Place    | Note
-------+----------+-------------------------------------------
     0 | D:1      | demibob the Troll Chaos Knight began the quest for the Orb.
     0 | D:1      | Reached XP level 1. HP: 22/22 MP: 0/0
    28 | D:1      | XOM: silly message
    37 | D:1      | XOM: god gift: +2 robe
    94 | D:1      | Reached skill level 3 in Maces & Flails
   154 | D:1      | Reached XP level 2. HP: 29/29 MP: 1/1
   204 | D:1      | XOM: god gift: +0 heavy dire flail
   311 | D:1      | XOM: give mutations
   311 | D:1      | Gained mutation: You are partially covered in iridescent
                  | scales. (AC +2) [Xom's grace]
   311 | D:1      | Gained mutation: You are strong-willed. (Will+) [Xom's
                  | grace]
   623 | D:2      | Reached XP level 3. HP: 30/36 MP: 2/2
   646 | D:2      | Found a burning altar of Makhleb.
   728 | D:2      | Noticed Robin
   743 | D:2      | Reached skill level 4 in Maces & Flails
   789 | D:2      | Killed Robin
   819 | D:2      | XOM: cloud trail
   841 | D:2      | Reached XP level 4. HP: 34/44 MP: 3/3
   958 | D:2      | XOM: give mutation
   958 | D:2      | Gained mutation: You have supernaturally acute eyesight.
                  | (SInv) [Xom's grace]
  1268 | D:3      | XOM: scenery: summon butterflies
  1300 | D:3      | Found the +5 robe of Misfortune {Harm *Corrode *Slow EV+5}
  1788 | D:3      | Found a runed translucent door.
  1872 | D:3      | XOM: give mutations
  1872 | D:3      | Gained mutation: You have an increased reservoir of magic.
                  | (+10% MP) [Xom's grace]
  1872 | D:3      | Gained mutation: You are somewhat resistant to further
                  | mutation. [Xom's grace]
  1872 | D:3      | Gained mutation: You are mostly covered in iridescent
                  | scales. (AC +4) [Xom's grace]
  1888 | D:3      | Found a sparkling altar of Nemelex Xobeh.
  1901 | D:3      | Found a white marble altar of Elyvilon.
  1967 | D:3      | XOM: scenery: create altars
  1992 | D:3      | Noticed Sirjeffry24's ghost (amateur DsFi)
  2112 | D:4      | XOM: divination: detect items
  2121 | D:4      | Reached skill level 5 in Maces & Flails
  2128 | D:4      | Found a staircase to the Ecumenical Temple.
  2149 | D:4      | Reached XP level 5. HP: 44/50 MP: 4/4
  2246 | D:4      | XOM: cleaving
  2309 | D:4      | Identified the +0 leather armour of the Okapi {rF+++ rC-
                  | Str-3 Dex+3}
  2346 | D:4      | Noticed Ijyb
  2362 | D:4      | Killed Ijyb
  2363 | D:4      | Reached skill level 6 in Maces & Flails
  2392 | D:4      | Reached XP level 6. HP: 59/59 MP: 5/5
  2431 | D:4      | XOM: god gift: +4 lajatang of electrocution
  2528 | D:4      | XOM: cast spell 'Chain of Chaos'
  2572 | D:4      | Reached skill level 7 in Maces & Flails
  2635 | D:4      | Found Tenkasho's Tremendous Tomes.
  2800 | D:5      | Entered Level 5 of the Dungeon
  2995 | D:5      | Reached XP level 7. HP: 44/66 MP: 6/6
  3059 | D:5      | XOM: fog
  3146 | D:5      | Reached skill level 8 in Maces & Flails
  3479 | D:5      | XOM: noise
  3597 | D:6      | XOM: destruction
  3611 | D:6      | XOM: enchant monster (good)
  3668 | D:6      | Reached skill level 9 in Maces & Flails
  3668 | D:6      | Reached XP level 8. HP: 74/74 MP: 7/7
  4125 | D:6      | Found a runed translucent door.
  4126 | D:6      | Noticed Crazy Yiuf
  4276 | D:6      | You fall into a shaft and drop 3 floors!
  4297 | D:9      | a centaur changed into a shapeshifter
  4297 | D:9      | Noticed a shapeshifter (shapeshifter)
  4297 | D:9      | a shapeshifter changed into a komodo dragon
  4297 | D:9      | Noticed a komodo dragon (shapeshifter)
  4300 | D:9      | Noticed a hornet
  4307 | D:8      | Found a transporter.
  4311 | D:8      | Found a transporter.
  4314 | D:8      | Noticed an oklob plant
  4346 | D:8      | Noticed tinfoiltophat's ghost (novice DjFE)
  4346 | D:8      | Noticed an oklob plant
  4390 | D:8      | XOM: fog
  4744 | D:7      | XOM: snakes to sticks
  4796 | D:7      | Reached skill level 10 in Maces & Flails
  4887 | D:7      | XOM: divination: detect creatures
  4890 | D:7      | XOM: confuse monster(s)
  4922 | D:7      | Found a basalt altar of Yredelemnul.
  5197 | D:6      | Killed Crazy Yiuf
  5571 | D:8      | XOM: confuse monster(s)
  5613 | D:8      | Found a hazy altar of Hepliaklqana.
  5625 | D:8      | Noticed a boulder beetle
  5625 | D:8      | XOM: cleaving
  5633 | D:8      | XOM: confuse monster(s)
  5636 | D:8      | XOM: fake destruction
  5641 | D:8      | Killed a boulder beetle
  5642 | D:8      | Reached skill level 11 in Maces & Flails
  5642 | D:8      | Reached XP level 9. HP: 50/80 MP: 4/8
  5722 | D:8      | Reached skill level 12 in Maces & Flails
  5866 | D:8      | XOM: noise
  5885 | D:8      | Noticed Jeremiah
  5887 | D:8      | XOM: summons friendly white imp
  5912 | D:8      | XOM: god gift: pair of glowing gloves {god gift}
  5914 | D:8      | XOM: summons friendly crimson imp
  5936 | D:8      | Killed Jeremiah
  5998 | D:8      | XOM: scenery: create altars
  6007 | D:8      | Reached skill level 13 in Maces & Flails
  6027 | D:8      | XOM: cast spell 'Summon Cactus Giant'
  6085 | D:8      | Identified the +8 whip "Hulk" {holy, rN+}
  6129 | D:8      | Found a glowing silver altar of Zin.
  6256 | D:8      | Found a staircase to the Lair.
  6313 | D:8      | Found a sacrificial altar of Ru.
  6463 | D:7      | XOM: god gift: 5 stones
  6475 | D:7      | XOM: confuse monster(s)
  6523 | Lair:1   | Entered Level 1 of the Lair of Beasts
  6535 | Lair:1   | Noticed a komodo dragon
  6540 | Lair:1   | Reached XP level 10. HP: 78/88 MP: 8/10
  6572 | Lair:1   | XOM: give mutations
  6572 | Lair:1   | Gained mutation: You are clumsy. (Dex -2) [Xom's mischief]
  6572 | Lair:1   | Lost mutation: You are clumsy. (Dex -2) [Xom's mischief]
  6572 | Lair:1   | Lost mutation: You are mostly covered in iridescent scales.
                  | (AC +4) [Xom's mischief]
  6572 | Lair:1   | Gained mutation: Armour fits poorly on your strangely
                  | shaped body. [Xom's mischief]
  6576 | Lair:1   | XOM: fog
  6653 | Lair:1   | Noticed a cane toad
  6659 | Lair:1   | XOM: stat loss: -1 Str (21/22)
  6663 | Lair:1   | Reached skill level 14 in Maces & Flails
  6667 | Lair:1   | XOM: 1-stop teleportation journey
  6670 | Lair:1   | XOM: swap monsters
  6670 | Lair:1   | Killed a cane toad
  6670 | Lair:1   | HP: 5/88 [spore (21)]
  6689 | Lair:1   | Mangled by a komodo dragon

Vanquished Creatures
  A boulder beetle (D:8)
  Jeremiah (D:8)
  A cane toad (Lair:1)
  3 komodo dragons (Lair:1)
  A blink frog (Lair:1)
  A steam dragon (D:8)
  A sky beast (D:7)
  2 water moccasins
  3 orc warriors (D:8)
  3 black bears
  3 ice beasts
  4 wolves (Lair:1)
  2 centaurs (D:8)
  7 bullfrogs
  6 scorpions
  2 howler monkeys (D:8)
  5 orc priests
  2 jellies (D:5)
  Crazy Yiuf (D:6)
  8 hounds
  2 iguanas
  Ijyb (D:4)
  7 orc wizards
  Robin (D:2)
  3 gnolls (D:4)
  6 adders
  2 river rats (Lair:1)
  2 shadow imps
  An ufetubus (D:6)
  3 worms
  24 orcs
  8 endoplasms
  4 giant cockroaches
  18 goblins
  6 hobgoblins
  5 quokkas
  6 ball pythons
  3 bats
  7 frilled lizards
  10 kobolds
  5 rats
181 creatures vanquished.

Table legend: (Time is in decaauts)
 A = Elapsed time spent in this place.
 B = Non-inter-level travel time spent in this place.
 C = Inter-level travel time spent in this place.
 D = Time resting spent in this place.
 E = Time spent auto-exploring this place.
 F = Levels seen in this place.
 G = Mean time per level.
                   A        B        C        D        E       F      G
               +--------+--------+--------+--------+--------+-----+--------+
         Total |   6695 |   6375 |    320 |    188 |   4763 |  10 |  669.5 |
       Dungeon |   6529 |   6209 |    320 |    182 |   4691 |   9 |  725.4 |
          Lair |    166 |    166 |      0 |      6 |     72 |   1 |  166.0 |
               +--------+--------+--------+--------+--------+-----+--------+

Top non-repeatable levels by time:
     D:6: 1047 daAuts
     D:8: 913 daAuts
     D:7: 906 daAuts
     D:3: 880 daAuts
     D:5: 784 daAuts
     D:2: 721 daAuts
     D:4: 716 daAuts
     D:1: 534 daAuts
  Lair:1: 166 daAuts
     D:9: 25 daAuts

Table legend:
 A = Non-vault XP
 B = Vault XP
 C = Vault XP percentage of total XP
 D = Non-vault monster count
 E = Vault monster count
 F = Vault count percentage of total count
                 A         B        C        D         E       F
            +---------+---------+-------+---------+---------+-------
      Total |    6586 |    1377 |  17.3 |     156 |      25 |  13.8
            +---------+---------+-------+---------+---------+-------
        D:1 |      21 |       0 |   0.0 |      15 |       0 |   0.0
        D:2 |      58 |      39 |  40.2 |      21 |      13 |  38.2
        D:3 |      34 |       0 |   0.0 |      17 |       0 |   0.0
        D:4 |     480 |      35 |   6.8 |      30 |       1 |   3.2
        D:5 |     559 |       0 |   0.0 |      16 |       0 |   0.0
        D:6 |     721 |      40 |   5.3 |      15 |       1 |   6.2
        D:7 |     510 |       0 |   0.0 |       8 |       0 |   0.0
        D:8 |    2064 |     908 |  30.6 |      24 |       6 |  20.0
     Lair:1 |    2139 |     355 |  14.2 |      10 |       4 |  28.6
            +---------+---------+-------+---------+---------+-------
